 Dungeon Crawl Stone Soup version 0.21-a0-404-g291f19a (webtiles) character file.

515 esteth the Magician (level 7, -7/50 HPs)
             Began as a Gnoll Wizard on Oct 28, 2017.
             Engulfed by a steam dragon's steam (9 damage)
             ... on level 5 of the Dungeon.
             The game lasted 00:18:00 (5142 turns).

esteth the Magician (Gnoll Wizard)                  Turns: 5142, Time: 00:18:00

Health: -7/50      AC:  3    Str:  8 (9)  XL:     7   Next: 20%
Magic:  5/18       EV: 20    Int: 22 (23) God:
Gold:   258        SH:  0    Dex: 15 (18) Spells: 8/21 levels left

rFire    . . .     SeeInvis .   n - +0 spear
rCold    . . .     Gourm    .   (no shield)
rNeg     . . .     Faith    .   p - +0 robe (curse)
rPois    .         Spirit   .   b - +0 hat
rElec    .         Reflect  .   (no cloak)
rCorr    .         Harm     .   i - +0 pair of gloves
MR       .....                  (no boots)
Stlth    ++++......             (no amulet)
HPRegen  0.16/turn              (no ring)
MPRegen  0.16/turn              (no ring)

@: agile
A: distributed training, fangs 1, strong nose
a: no special abilities


You were on level 5 of the Dungeon.
You were near starving.

You visited 2 branches of the dungeon, and saw 6 of its levels.

You collected 258 gold pieces.

Inventory:

Hand Weapons
 n - a +0 spear (weapon)
Armour
 a - a +0 robe
 b - a +0 hat (worn)
 i - a +0 pair of gloves (worn)
 p - a cursed +0 robe (worn)
Wands
 e - a wand of paralysis (13/24)
 y - a wand of disintegration (8/24)
Scrolls
 f - 4 scrolls of identify
 g - 7 scrolls of teleportation {unknown}
 h - 3 scrolls of blinking {unknown}
 q - a scroll of magic mapping {unknown}
 r - 2 scrolls of immolation {unknown}
 t - 3 scrolls of remove curse {unknown}
 u - a scroll of fear {unknown}
 x - a scroll of recharging {unknown}
 z - a scroll of amnesia {unknown}
 A - a scroll of fog {unknown}
Potions
 j - a potion of flight
 k - a potion of haste {unknown}
 m - a potion of agility
 o - a potion of heal wounds {unknown}
 s - a potion of might {unknown}
Books
 c - a book of Minor Magic

   Spells                             Type                      Level
   a - Magic Dart                     Conjuration                  1
   b - Blink                          Translocation                2
   c - Call Imp                       Summoning                    2
   d - Slow                           Hexes                        2
   e - Conjure Flame                  Conjuration/Fire             3
   f - Mephitic Cloud                 Conjuration/Poison/Air       3
 v - a book of Geomancy

   Spells                             Type                      Level
   a - Sandblast                      Earth                        1
   b - Passwall                       Transmutation/Earth          2
   c - Stone Arrow                    Conjuration/Earth            3
   d - Petrify                        Transmutation/Earth          4
   e - Lee's Rapid Deconstruction     Earth                        5
Comestibles
 d - 6 bread rations
 l - 3 fruits


   Skills:
 + Level 2.3 Fighting
 + Level 2.3 Short Blades
 + Level 2.3 Long Blades
 + Level 2.3 Axes
 + Level 2.3 Maces & Flails
 + Level 2.3 Polearms
 + Level 2.3 Staves
 + Level 2.3 Slings
 + Level 2.3 Bows
 + Level 2.3 Crossbows
 + Level 2.3 Throwing
 + Level 2.3 Armour
 + Level 5.1 Dodging
 + Level 4.8 Stealth
 + Level 2.3 Shields
 + Level 2.3 Unarmed Combat
 + Level 7.5 Spellcasting
 + Level 2.8 Conjurations
 + Level 1.8 Hexes
 + Level 1.8 Charms
 + Level 2.8 Summonings
 + Level 1.8 Necromancy
 + Level 2.8 Translocations
 + Level 1.8 Transmutations
 + Level 1.8 Fire Magic
 + Level 1.8 Ice Magic
 + Level 1.8 Air Magic
 + Level 1.8 Earth Magic
 + Level 1.8 Poison Magic
 + Level 2.5 Invocations
 + Level 2.3 Evocations


You had 8 spell levels left.
You knew the following spells:

 Your Spells              Type           Power        Failure   Level  Hunger
a - Magic Dart            Conj           ###.         2%          1    None
b - Conjure Flame         Conj/Fire      ###.....     9%          3    None
c - Mephitic Cloud        Conj/Pois/Air  ###.....     10%         3    None
d - Call Imp              Summ           ###.....     3%          2    None
e - Blink                 Tloc           N/A          3%          2    None
f - Passwall              Tmut/Erth      ###.......   5%          2    None


Dungeon Overview and Level Annotations

Branches:
Dungeon (5/15)             Temple (1/1) D:5

Altars:
Ashenzari
Fedhas
Gozag
Hepliaklqana
Makhleb
Okawaru
Trog
Uskayaw
Wu Jian
Xom
Yredelemnul
Zin
The Shining One
Lugonu

Annotations:
D:1 exclusion: downstairs
D:2 exclusions: orc warrior and 2 more exclusions
D:4 exclusion: downstairs
D:5 Pikel


Innate Abilities, Weirdness & Mutations

Your experience applies equally to all skills.
You have very sharp teeth.
Your uncanny sense of smell can sniff out nearby items.


Message History

Casting: Call Imp
Confirm with . or Enter, or press ? or * to list all spells.
A metallic apparition takes form in the air.
The steam dragon misses something.
The steam dragon claws something.
Casting: Call Imp
Confirm with . or Enter, or press ? or * to list all spells.
A beastly little devil appears in a puff of flame.
The steam dragon hisses angrily.
The steam dragon breathes steam at you. The ball of steam hits your iron imp.
Your iron imp resists.
The ball of steam misses you.
The ball of steam hits your crimson imp.
Your crimson imp resists.
Something bites your iron imp! Something closely misses your iron imp.
Casting: Call Imp
Confirm with . or Enter, or press ? or * to list all spells.
A beastly little devil appears in a puff of flame.
You are engulfed in a cloud of scalding steam.
You die...

.# #...........#..#..# #
#.... .#
#...........#..#..#
#.... .#
#####+#####'#..#..#
#.).. .# ...(.......+..#
#.<.) .# ...........#..#
#.... .# ...........#..#
#####
.##################..##.
..........).............
..............§5@....#
#############.#5###### #
#§§5# ########## # ##D§#
#(.....).# # ###..#
#..(.....# # #....#
#...[....# #.#.$#
#......[.## #.#..#
#...5...(.. # # #..#
#....#..K#'#.(


You could see a steam dragon, a friendly iron imp and 2 friendly crimson imps.

Vanquished Creatures
  2 worms (D:4)
  2 dart slugs (D:1)
  5 leopard geckos
  2 orcs (D:3)
  7 bats
  2 giant cockroaches (D:1)
  8 goblins
  7 hobgoblins
  8 kobolds
  3 quokkas
  2 frilled lizards (D:1)
  A jackal skeleton (D:4)
  A kobold skeleton (D:4)
  3 kobold zombies (D:4)
  A quokka zombie (D:5)
  5 rats
59 creatures vanquished.

Vanquished Creatures (collateral kills)
  The ghost of Rhok the Conjurer, an amateur CeVM (D:3)
  An orc warrior (D:5)
  A slave (D:5)
  A phantom (D:4)
  An ogre (D:4)
  A centaur (D:5)
  A scorpion (D:3)
  A centaur zombie (D:5)
  An orc wizard (D:5)
  A centaur skeleton (D:3)
  Natasha (twice) (D:3)
  An adder (D:3)
  A white imp (D:4)
  2 worms
  A leopard gecko (D:3)
  14 orcs
  A bat (D:3)
  A goblin (D:3)
  A hobgoblin (D:3)
  4 jackals (D:3)
  A kobold (D:3)
  A goblin skeleton (D:4)
  2 hobgoblin zombies (D:4)
42 creatures vanquished.

Grand Total: 101 creatures vanquished

Notes
Turn   | Place    | Note
-------+----------+-------------------------------------------
     0 | D:1      | esteth the Gnoll Wizard began the quest for the Orb.
     0 | D:1      | Reached XP level 1. HP: 13/13 MP: 8/8
   191 | D:1      | Reached XP level 2. HP: 19/19 MP: 7/10
   411 | D:1      | Reached XP level 3. HP: 25/25 MP: 8/11
   695 | D:2      | Noticed an orc warrior
  1208 | D:2      | Learned a level 3 spell: Conjure Flame
  1212 | D:2      | Learned a level 3 spell: Mephitic Cloud
  1215 | D:2      | Learned a level 2 spell: Call Imp
  1395 | D:2      | Found an iron altar of Okawaru.
  1504 | D:3      | Noticed Natasha
  1514 | D:3      | Reached skill level 1 in Invocations
  1515 | D:3      | Killed Natasha
  1515 | D:3      | Reached skill level 1 in Fighting
  1515 | D:3      | Reached skill level 1 in Short Blades
  1515 | D:3      | Reached skill level 1 in Long Blades
  1515 | D:3      | Reached skill level 1 in Axes
  1515 | D:3      | Reached skill level 1 in Maces & Flails
  1515 | D:3      | Reached skill level 1 in Polearms
  1515 | D:3      | Reached skill level 1 in Staves
  1515 | D:3      | Reached skill level 1 in Slings
  1515 | D:3      | Reached skill level 1 in Bows
  1515 | D:3      | Reached skill level 1 in Crossbows
  1515 | D:3      | Reached skill level 1 in Throwing
  1515 | D:3      | Reached skill level 1 in Armour
  1515 | D:3      | Reached skill level 1 in Shields
  1515 | D:3      | Reached skill level 1 in Unarmed Combat
  1515 | D:3      | Reached skill level 1 in Evocations
  1518 | D:3      | Reached XP level 4. HP: 11/32 MP: 1/13
  1635 | D:3      | Noticed Rhok's ghost (amateur CeVM)
  1654 | D:3      | Killed Rhok's ghost
  1654 | D:3      | Reached skill level 1 in Hexes
  1654 | D:3      | Reached skill level 1 in Charms
  1654 | D:3      | Reached skill level 1 in Necromancy
  1654 | D:3      | Reached skill level 1 in Transmutations
  1654 | D:3      | Reached skill level 1 in Fire Magic
  1654 | D:3      | Reached skill level 1 in Ice Magic
  1654 | D:3      | Reached skill level 1 in Air Magic
  1654 | D:3      | Reached skill level 1 in Earth Magic
  1654 | D:3      | Reached skill level 1 in Poison Magic
  1654 | D:3      | Reached XP level 5. HP: 11/37 MP: 3/14
  2365 | D:3      | Noticed Natasha
  2375 | D:3      | Killed Natasha
  2887 | D:4      | Found a shattered altar of Ashenzari.
  2888 | D:4      | Noticed a phantom
  2919 | D:3      | Reached XP level 6. HP: 9/44 MP: 3/16
  3097 | D:3      | Learned a level 2 spell: Blink
  3233 | D:4      | Killed a phantom
  3365 | D:4      | Reached skill level 5 in Dodging
  3393 | D:4      | Noticed a hand axe
  3396 | D:4      | Noticed a dagger
  3407 | D:4      | Found a hide-covered altar of Uskayaw.
  3506 | D:4      | Found a glowing golden altar of the Shining One.
  3808 | D:5      | Entered Level 5 of the Dungeon
  3813 | D:5      | Noticed a slave
  3813 | D:5      | Noticed a slave
  3816 | D:5      | Noticed Pikel
  3819 | D:5      | Noticed a slave
  3824 | D:5      | Killed a slave
  3828 | D:5      | Noticed a slave
  4265 | D:5      | Noticed an orc warrior
  4306 | D:5      | Reached XP level 7. HP: 15/50 MP: 0/18
  4767 | D:5      | Learned a level 2 spell: Passwall
  4848 | D:5      | Found a hazy altar of Hepliaklqana.
  5019 | D:5      | Found a staircase to the Ecumenical Temple.
  5028 | Temple   | Entered the Ecumenical Temple
  5121 | D:5      | Noticed a steam dragon
  5131 | D:5      | HP: 1/50 [steam dragon] (7)]
  5142 | D:5      | Engulfed by a steam dragon's steam

Vault maps used:
D:1:      matt_arrival_los_fun, minmay_door_square
D:2:      vehumet_crystals, old_standard_altar, hangedman_decor_riveting,
          uniq_sigmund
D:3:      minivault_25, uniq_natasha
D:4:      lemuel_crystal_altar, nicolae_tso_besieged_by_evil,
          dancing_weapons_uskayaw, first_bread
D:5:      kennysheep_little_box, lemuel_temple_firewalk_b, uniq_pikel
Temple:   corrupted_temple

Skill      XL: |  1  2  3  4  5  6 |
---------------+-------------------+-----
Conjurations   | 2 |  2.8
Summonings     | 2 |  2.8
Translocations | 2 |  2.8
Invocations    | 1 2 |  2.5
Fighting       | 1 2 |  2.3
Short Blades   | 1 2 |  2.3
Long Blades    | 1 2 |  2.3
Axes           | 1 2 |  2.3
Maces & Flails | 1 2 |  2.3
Polearms       | 1 2 |  2.3
Staves         | 1 2 |  2.3
Slings         | 1 2 |  2.3
Bows           | 1 2 |  2.3
Crossbows      | 1 2 |  2.3
Throwing       | 1 2 |  2.3
Armour         | 1 2 |  2.3
Shields        | 1 2 |  2.3
Unarmed Combat | 1 2 |  2.3
Evocations     | 1 2 |  2.3
Hexes          | 1 |  1.8
Charms         | 1 |  1.8
Necromancy     | 1 |  1.8
Transmutations | 1 |  1.8
Fire Magic     | 1 |  1.8
Ice Magic      | 1 |  1.8
Air Magic      | 1 |  1.8
Earth Magic    | 1 |  1.8
Poison Magic   | 1 |  1.8
Dodging        | 5 |  5.1
Stealth        | |  4.8
Spellcasting   | |  7.5

Action                   |  1- 3 |  4- 6 |  7- 9 || total
-------------------------+-------+-------+-------++-------
Melee: Spear             |    11 |    53 |     7 ||    71
       Bite              |     1 |     5 |       ||     6
 Cast: Magic Dart        |    53 |    62 |     8 ||   123
       Call Imp          |     2 |    45 |    17 ||    64
       Mephitic Cloud    |     1 |     2 |     1 ||     4
  Use: Potion            |       |     2 |     2 ||     4
       Scroll            |       |     1 |       ||     1
 Stab: Sleeping          |       |     3 |       ||     3
  Eat: Chunk             |     1 |     8 |       ||     9
       Royal jelly       |       |       |     1 ||     1
Armor: Robe              |     5 |    16 |     4 ||    25
Dodge: Dodged            |    11 |    74 |    19 ||   104

Table legend:
 A = Spawn XP
 B = Non-spawn XP
 C = Spawn XP percentage of total XP
 D = Spawn monster count
 E = Non-spawn monster count
 F = Spawn count percentage of total count
 G = Total turns spent on level
                    A         B        C        D         E        F      G
               +---------+---------+-------+---------+---------+-------+---------
         Total |       0 |     736 |   0.0 |       0 |     100 |   0.0 |  5142
               +---------+---------+-------+---------+---------+-------+---------
           D:1 |       0 |      46 |   0.0 |       0 |      26 |   0.0 |   914
           D:2 |       0 |      10 |   0.0 |       0 |       5 |   0.0 |   590
           D:3 |       0 |     283 |   0.0 |       0 |      44 |   0.0 |  1542
           D:4 |       0 |     190 |   0.0 |       0 |      16 |   0.0 |  1154
           D:5 |       0 |     207 |   0.0 |       0 |       9 |   0.0 |   896
               +---------+---------+-------+---------+---------+-------+---------
